 Dungeon Crawl Stone Soup version 0.31-a0-536-ga3e2962e35 (webtiles) character file.

Game seed: 13895352432501503336

9513 JackS81 the Cleaver (level 11, -1/133 HPs)
             Began as a Gnoll Cinder Acolyte on Aug 13, 2023.
             Was a Priest of Ignis.
             Slain by a warg (7 damage)
             ... on level 10 of the Dungeon.
             The game lasted 01:09:02 (10535 turns).

JackS81 the Cleaver (Gnoll Cinder Acolyte)         Turns: 10535, Time: 01:09:03

Health: -1/133     AC: 29    Str: 15    XL:     11   Next: 47%
Magic:  18/21      EV:  2    Int: 14    God:    Ignis [***...]
Gold:   386        SH:  0    Dex: 16    Spells: 8/24 levels left

rFire   + . .        a - +4 hand axe (flame)
rCold   . . .        (no shield)
rNeg    . . .        V - melded +0 steam dragon scales
rPois   +            (helmet currently unavailable)
rElec   .            R - melded +2 cloak {Will+}
rCorr   .            (gloves currently unavailable)
SInv    .            (boots currently unavailable)
Will    .....        (no amulet)
Stlth   +++          p - +4 ring of protection
HPRegen 0.42/turn    e - +6 ring of dexterity
MPRegen 0.17/turn

%: no passive effects
@: tree-form
A: stationary, stasis, torment immunity, boosted hp, (fangs 1), strong nose,
distributed training, (large bone plates 1), (cold resistance 1), mutation
resistance 1
a: Renounce Religion, Fiery Armour, Foxfire Swarm, Rising Flame


You were on level 10 of the Dungeon.
You worshipped Ignis.
Ignis was most pleased with you.
You were a tree.
You visited 1 branch of the dungeon, and saw 10 of its levels.
You also visited: Sewer.

You collected 550 gold pieces.
You spent 164 gold pieces at shops.

Inventory:

Hand Weapons
 a - a +4 hand axe of flaming (weapon)
 d - a +2 antimagic flail
 h - the +10 dark maul {heavy}
   (You took it off a two-headed ogre on level 9 of the Dungeon)
 G - a +0 demon whip of venom
 K - the +5 short sword of the Dark Horse {vamp, Dex+5}
   (You found it on level 5 of the Dungeon)

   Dex+5:     It affects your dexterity (+5).
 O - the +3 war axe "Tutu" {heavy, rElec}
   (You bought it in a shop on level 8 of the Dungeon)

   rElec:     It insulates you from electricity.
 Y - a +5 great sword
Missiles
 c - 6 boomerangs (quivered)
 g - 131 stones
 i - 4 curare-tipped darts
 x - 25 poisoned darts
Armour
 F - the +1 ring mail of the Sun {rPois Str+3}
   (You found it on level 5 of the Dungeon)

   Str+3:     It affects your strength (+3).
   rPois:     It protects you from poison
 R - a +2 cloak of willpower (melded)
 V - +0 steam dragon scales (melded)
 X - +0 acid dragon scales
Magical Staves
 j - a staff of death
 t - the staff "Yhuyqapt" {rC+ rN+ Will+ Conj}
   (You found it on level 3 of the Dungeon)

   [staff of conjuration]

   Base accuracy: +5 Base damage: 5 Base attack delay: 1.2 This weapon's minimum
   attack delay (0.6) is reached at skill level 12.
   rC+:       It protects you from cold.
   rN+:       It protects you from negative energy.
   Will+:     It increases your willpower.
   Conj:      It increases the power of your Conjurations spells.
   It falls into the 'Staves' category.
   It is a one-handed weapon.
 E - a staff of poison
Jewellery
 e - a +6 ring of dexterity (right branch)
 o - a ring of see invisible
 p - a +4 ring of protection (left branch)
 C - a +4 ring of protection
 P - a +6 ring of strength
 Q - a ring of resist corrosion
Wands
 H - a wand of flame (12)
 T - a wand of mindburst (2)
 Z - a wand of paralysis (3)
Scrolls
 b - a scroll of torment {unknown}
 l - a scroll of acquirement {unknown}
 m - 3 scrolls of blinking
 n - 5 scrolls of teleportation
 r - 7 scrolls of immolation
 w - a scroll of fog {unknown}
 y - a scroll of summoning {unknown}
 I - a scroll of fear {unknown}
 M - a scroll of enchant armour {unknown}
 N - a scroll of noise {unknown}
 S - 2 scrolls of brand weapon {unknown}
 U - 2 scrolls of amnesia {unknown}
Potions
 f - 2 potions of attraction
 q - a potion of ambrosia
 u - a potion of mutation
 z - a potion of haste {unknown}
 A - 4 potions of brilliance
 B - a potion of berserk rage {unknown}
 D - a potion of curing
 J - a potion of resistance
 L - 2 potions of lignification
 W - a potion of magic


   Skills:
 + Level 9.3 Fighting
 + Level 6.4 Short Blades
 + Level 6.4 Long Blades
 + Level 9.3 Axes
 + Level 6.4 Maces & Flails
 + Level 6.4 Polearms
 + Level 6.4 Staves
 + Level 6.4 Ranged Weapons
 + Level 6.4 Throwing
 + Level 6.4 Armour
 + Level 6.4 Dodging
 + Level 6.4 Stealth
 + Level 6.4 Shields
 + Level 6.4 Unarmed Combat
 + Level 7.1 Spellcasting
 + Level 5.3 Conjurations
 + Level 5.3 Hexes
 + Level 5.3 Summonings
 + Level 5.3 Necromancy
 + Level 5.3 Translocations
 + Level 5.3 Transmutations
 + Level 7.7 Fire Magic
 + Level 5.3 Ice Magic
 + Level 5.3 Air Magic
 + Level 5.3 Earth Magic
 + Level 5.3 Poison Magic
 + Level 7.1 Invocations
 + Level 6.4 Evocations
 + Level 5.3 Shapeshifting


You had 8 spell levels left.
You knew the following spells:

 Your Spells              Type           Power      Damage    Failure   Level
a - Scorch                Fire           52%        2d7       1%          2
b - Ensorcelled Hibernat  Hex/Ice        38%        N/A       2%          2
c - Gell's Gravitas       Tloc           19%        N/A       4%          3
d - Tukima's Dance        Hex            19%        N/A       4%          3
e - Hailstorm             Conj/Ice       19%        3d6       4%          3
f - Mephitic Cloud        Conj/Pois/Air  19%        N/A       4%          3

Your spell library contained the following spells:

 Spells                   Type           Power      Damage    Failure   Level
 Cigotuvi's Dreadful Rot  Necr/Pois/Air  38%        N/A       2%          2
 Lesser Beckoning         Tloc           38%        N/A       2%          2
 Passwall                 Tmut/Erth      15%        N/A       2%          2
 Poisonous Vapours        Pois/Air       38%        N/A       2%          2
 Swiftness                Air            19%        N/A       4%          3
 Teleport Other           Tloc           19%        N/A       4%          3
 Dispel Undead            Necr           19%        3d11      16%         4
 Manifold Assault         Tloc           19%        N/A       16%         4
 Passage of Golubria      Tloc           19%        N/A       16%         4
 Summon Ice Beast         Ice/Summ       19%        N/A       16%         4
 Freezing Cloud           Conj/Ice/Air   9%         6-21      41%         5
 Yara's Violent Unravell  Hex/Tmut       9%         3d6       41%         5
 Death Channel            Necr           9%         N/A       94%         6
 Dispersal                Tloc           9%         N/A       94%         6
 Simulacrum               Ice/Necr       9%         N/A       94%         6
 Disjunction              Tloc           9%         N/A       100%        8


Dungeon Overview and Level Annotations

Branches:
Dungeon (10/15)            Temple (0/1) D:6           Sewer (visited)
   Lair: D:8-11         Orc: D:9-12

Altars:
Gozag
Hepliaklqana
Qazlal
Ru
The Shining One

Shops:
D:2 ?   D:3 [   D:7 =   D:8 (

Annotations:
D:10 qipq's ghost, amateur FeDe


Innate Abilities, Weirdness & Mutations

You are a tree.
Your roots penetrate the ground, keeping you stationary.
You cannot be teleported.
You are immune to unholy pain and torment.
Your maximum health is greatly increased.
Your equipment is partially melded.
((You have very sharp teeth.))
Your uncanny sense of smell can sniff out nearby items.
Your experience applies equally to all skills.
((You are partially covered in large bone plates. (SH +4)))
((Your flesh is cold resistant. (rC+)))
You are somewhat resistant to further mutation.


Message History

The warg bites you but does no damage. The cyclops hits you.
* * * LOW HITPOINT WARNING * * *
The warg bites you but does no damage.
The cyclops hits you but does no damage.
The warg bites you!
* * * LOW HITPOINT WARNING * * *
The warg bites you but does no damage. The cyclops hits you.
* * * LOW HITPOINT WARNING * * *
The warg bites you but does no damage. The warg bites you but does no damage.
The cyclops hits you.
* * * LOW HITPOINT WARNING * * *
The warg bites you but does no damage. x2
The cyclops hits you but does no damage.
The warg bites you but does no damage.
You feel less invigorated.
You feel less confused. The warg bites you but does no damage.
The cyclops hits you but does no damage.
Casting: Scorch (safe; 1% risk of failure)
Confirm with . or Enter, or press ? or * to list all spells.
Flames lash the warg.
The warg is almost dead.
The warg's fire resistance burns away.
The warg bites you but does no damage. x2
The cyclops hits you but does no damage.
Casting: Scorch (safe; 1% risk of failure)
Confirm with . or Enter, or press ? or * to list all spells.
Flames lash the cyclops.
The cyclops is moderately wounded.
The cyclops's fire resistance burns away.
The warg bites you but does no damage.
You hit the warg but do no damage.
The warg is almost dead.
You hit the cyclops but do no damage. The warg bites you but does no damage.
The cyclops hits you!!
* * * LOW HITPOINT WARNING * * *
You hit the warg but do no damage.
The warg is almost dead.
You hit the cyclops. You burn the cyclops. The warg bites you!
You die...

...# #...##oCT9D..#
....# #....##O###.# .
.... ####..##OYo##..
....# ##))#####...
#..######)..©...#.
#.)....).........
###...))....#......
####..)hC.)....#......
.......♣.......# .....
..........)..#.# ....
........####..... ....
........# ###>... .
........# ###...
.....)..# ###
........# ........#


You could see a cyclops (combustible) and a warg (combustible).

Vanquished Creatures
  2 two-headed ogres (D:9)
  Amaemon (D:8)
  A cyclops (D:9)
  Joseph (D:8)
  An orange demon (D:8)
  A gargoyle (D:9)
  2 hornets
  A wraith (D:5)
  A wyvern (D:9)
  6 yaks
  2 steam dragons
  A warg (D:10)
  An acid dragon (D:9)
  2 water moccasins
  4 orc warriors
  Pargi (Sewer)
  A sky beast (D:6)
  2 ogres (D:5)
  The ghost of namnaref the Digger, an amateur OpEE (D:3)
  5 bullfrogs
  4 kobold brigands
  3 elf skeletons (D:8)
  An elf zombie (D:8)
  A gnoll sergeant (D:7)
  4 wights (D:8)
  9 killer bees
  2 howler monkeys
  A gnoll bouda (D:9)
  4 hounds
  Crazy Yiuf (D:6)
  5 iguanas
  5 orc priests
  A jelly (D:7)
  6 orc wizards
  2 sleepcaps (D:5)
  Ijyb (D:5)
  Natasha (thrice) (D:2)
  8 gnolls
  6 adders
  2 dart slugs
  24 orcs
  9 endoplasms
  5 giant cockroaches
  9 goblins
  7 hobgoblins
  5 jackals
  22 kobolds
  4 quokkas
  5 ball pythons
  8 bats
  9 frilled lizards
  2 orc skeletons (D:8)
  5 rats
220 creatures vanquished.

Vanquished Creatures (collateral kills)
  A two-headed ogre (D:9)
  Maggie (D:8)
  An orc priest (D:8)
3 creatures vanquished.

Vanquished Creatures (others)
  2 dancing weapons
  27 foxfires
29 creatures vanquished.

Grand Total: 252 creatures vanquished

Notes
Turn   | Place    | Note
-------+----------+-------------------------------------------
     0 | D:1      | JackS81 the Gnoll Cinder Acolyte began the quest for the
                  | Orb.
     0 | D:1      | Reached XP level 1. HP: 23/23 MP: 4/4
   136 | D:1      | Reached XP level 2. HP: 29/29 MP: 5/5
   178 | D:1      | Learned a level 2 spell: Scorch
   435 | D:1      | Found a faded altar of an unknown god.
   665 | D:1      | Reached XP level 3. HP: 35/35 MP: 4/7
   860 | D:2      | Found Daskegyr's Magic Scroll Boutique.
   885 | D:2      | Bought a scroll of identify for 28 gold pieces
   930 | D:2      | Noticed Natasha
   937 | D:2      | Killed Natasha
   938 | D:2      | Reached skill level 1 in Short Blades
   938 | D:2      | Reached skill level 1 in Long Blades
   938 | D:2      | Reached skill level 1 in Maces & Flails
   938 | D:2      | Reached skill level 1 in Polearms
   938 | D:2      | Reached skill level 1 in Staves
   938 | D:2      | Reached skill level 1 in Ranged Weapons
   938 | D:2      | Reached skill level 1 in Throwing
   938 | D:2      | Reached skill level 1 in Armour
   938 | D:2      | Reached skill level 1 in Dodging
   938 | D:2      | Reached skill level 1 in Stealth
   938 | D:2      | Reached skill level 1 in Shields
   938 | D:2      | Reached skill level 1 in Unarmed Combat
   938 | D:2      | Reached skill level 1 in Invocations
   938 | D:2      | Reached skill level 1 in Evocations
  1027 | D:2      | Reached XP level 4. HP: 32/41 MP: 8/8
  1093 | D:2      | Noticed Natasha
  1098 | D:2      | Killed Natasha
  1099 | D:2      | Reached skill level 1 in Conjurations
  1099 | D:2      | Reached skill level 1 in Hexes
  1099 | D:2      | Reached skill level 1 in Summonings
  1099 | D:2      | Reached skill level 1 in Necromancy
  1099 | D:2      | Reached skill level 1 in Translocations
  1099 | D:2      | Reached skill level 1 in Transmutations
  1099 | D:2      | Reached skill level 1 in Ice Magic
  1099 | D:2      | Reached skill level 1 in Air Magic
  1099 | D:2      | Reached skill level 1 in Earth Magic
  1099 | D:2      | Reached skill level 1 in Poison Magic
  1099 | D:2      | Reached skill level 1 in Shapeshifting
  1658 | D:2      | Noticed Natasha
  1680 | D:2      | Gained mutation: Your body sometimes deteriorates upon
                  | taking damage. [potion of mutation]
  1680 | D:2      | Gained mutation: You are dopey. (Int -2) [potion of
                  | mutation]
  1680 | D:2      | Gained mutation: Your system is resistant to poisons.
                  | (rPois) [potion of mutation]
  1680 | D:2      | Gained mutation: Your flesh is cold resistant. (rC+)
                  | [potion of mutation]
  1710 | D:2      | Killed Natasha
  1711 | D:2      | Reached XP level 5. HP: 19/47 MP: 0/9
  1875 | D:3      | Found Usuwnac's Armour Shoppe.
  1876 | D:3      | Found a runed translucent door.
  1929 | D:3      | Found an opulent altar of Gozag.
  1962 | D:3      | Found a glowing golden altar of the Shining One.
  2375 | D:3      | Found a sacrificial altar of Ru.
  2627 | D:3      | Noticed namnaref's ghost (amateur OpEE)
  2637 | D:3      | Killed namnaref's ghost
  2638 | D:3      | Reached XP level 6. HP: 53/53 MP: 5/11
  2690 | D:3      | Identified the staff "Yhuyqapt" {rC+ rN+ Will+ Conj}
  3224 | D:4      | Reached XP level 7. HP: 46/59 MP: 7/12
  3428 | D:5      | Entered Level 5 of the Dungeon
  3438 | D:5      | Learned a level 2 spell: Ensorcelled Hibernation
  3537 | D:5      | Identified the +1 ring mail of the Sun {rPois Str+3}
  3631 | D:5      | Noticed Ijyb
  3640 | D:5      | Killed Ijyb
  3835 | D:5      | Found a glowing drain.
  3845 | Sewer    | Entered a sewer
  3898 | Sewer    | Noticed Pargi
  3912 | Sewer    | Killed Pargi
  4050 | D:5      | Identified the +5 short sword of the Dark Horse {vamp,
                  | Dex+5}
  4251 | D:5      | You fall into a shaft and drop 3 floors!
  4324 | D:7      | Reached XP level 8. HP: 64/67 MP: 9/14
  4358 | D:6      | Found a staircase to the Ecumenical Temple.
  4623 | D:6      | Lost mutation: You are dopey. (Int -2) [potion of mutation]
  4623 | D:6      | Lost mutation: Your system is resistant to poisons. (rPois)
                  | [potion of mutation]
  4623 | D:6      | Lost mutation: Your body sometimes deteriorates upon taking
                  | damage. [potion of mutation]
  4623 | D:6      | Gained mutation: You are somewhat resistant to further
                  | mutation. [potion of mutation]
  4623 | D:6      | Gained mutation: You are partially covered in large bone
                  | plates. (SH +4) [potion of mutation]
  5154 | D:6      | Found a runed translucent door.
  5155 | D:6      | Noticed Crazy Yiuf
  5166 | D:6      | Killed Crazy Yiuf
  5260 | D:5      | Noticed a wraith
  5656 | D:5      | Learned a level 3 spell: Gell's Gravitas
  5911 | D:5      | Killed a wraith
  6117 | D:7      | Found Akkizek's Jewellery Shoppe.
  6128 | D:7      | Reached XP level 9. HP: 70/73 MP: 9/16
  6212 | D:7      | Reached skill level 5 in Spellcasting
  6909 | D:8      | Learned a level 3 spell: Tukima's Dance
  6923 | D:8      | Noticed Amaemon
  6924 | D:8      | Noticed an orange demon
  7076 | D:8      | Noticed Joseph
  7097 | D:8      | Killed Joseph
  7100 | D:8      | Found Daanwuasch's Antique Weapon Boutique.
  7205 | D:8      | Killed an orange demon
  7206 | D:8      | Reached skill level 5 in Invocations
  7559 | D:8      | Reached XP level 10. HP: 70/80 MP: 18/18
  7640 | D:8      | Learned a level 3 spell: Hailstorm
  7671 | D:8      | Killed Amaemon
  7672 | D:8      | Reached skill level 5 in Short Blades
  7672 | D:8      | Reached skill level 5 in Long Blades
  7672 | D:8      | Reached skill level 5 in Maces & Flails
  7672 | D:8      | Reached skill level 5 in Polearms
  7672 | D:8      | Reached skill level 5 in Staves
  7672 | D:8      | Reached skill level 5 in Ranged Weapons
  7672 | D:8      | Reached skill level 5 in Throwing
  7672 | D:8      | Reached skill level 5 in Armour
  7672 | D:8      | Reached skill level 5 in Dodging
  7672 | D:8      | Reached skill level 5 in Stealth
  7672 | D:8      | Reached skill level 5 in Shields
  7672 | D:8      | Reached skill level 5 in Unarmed Combat
  7672 | D:8      | Reached skill level 5 in Evocations
  7964 | D:8      | Bought an ichor-stained war axe for 136 gold pieces
  7964 | D:8      | Identified the +3 war axe "Tutu" {heavy, rElec} (You bought
                  | it in a shop on level 8 of the Dungeon)
  8039 | D:8      | Noticed Maggie
  8054 | D:8      | Killed Maggie
  8643 | D:9      | Noticed a two-headed ogre
  8652 | D:9      | Killed a two-headed ogre
  8725 | D:9      | Noticed a gargoyle
  8747 | D:9      | Killed a gargoyle
  9076 | D:9      | Found a stormy altar of Qazlal.
  9125 | D:9      | Noticed a two-headed ogre
  9136 | D:9      | Killed a two-headed ogre
  9137 | D:9      | Reached XP level 11. HP: 70/89 MP: 10/21
  9205 | D:9      | Noticed a two-headed ogre
  9213 | D:9      | Killed a two-headed ogre
  9214 | D:9      | Reached skill level 5 in Conjurations
  9214 | D:9      | Reached skill level 5 in Hexes
  9214 | D:9      | Reached skill level 5 in Summonings
  9214 | D:9      | Reached skill level 5 in Necromancy
  9214 | D:9      | Reached skill level 5 in Translocations
  9214 | D:9      | Reached skill level 5 in Transmutations
  9214 | D:9      | Reached skill level 5 in Ice Magic
  9214 | D:9      | Reached skill level 5 in Air Magic
  9214 | D:9      | Reached skill level 5 in Earth Magic
  9214 | D:9      | Reached skill level 5 in Poison Magic
  9214 | D:9      | Reached skill level 5 in Shapeshifting
  9216 | D:9      | Noticed a cyclops
  9359 | D:9      | Killed a cyclops
  9536 | D:9      | Found a hazy altar of Hepliaklqana.
  9816 | D:10     | Entered Level 10 of the Dungeon
  9823 | D:9      | Learned a level 3 spell: Mephitic Cloud
 10192 | D:10     | Paralysed by a hornet for 3 turns
 10430 | D:10     | Noticed qipq's ghost (amateur FeDe)
 10434 | D:10     | Noticed a two-headed ogre
 10439 | D:10     | Noticed a two-headed ogre
 10440 | D:10     | Noticed a cyclops
 10500 | D:10     | Noticed a cyclops
 10522 | D:10     | HP: 5/133 [cyclops (15)]
 10534 | D:10     | HP: 5/133 [cyclops (22)]
 10535 | D:10     | Slain by a warg

Illustrated notes

Levels and vault maps discovered:
D:1:      lightli_arrival_flooded_house, layout_loops_ring,
          dreamdust_ecumenical_altar_grove
D:2:      layout_rooms, serial_shops, shop, minmay_misc_feat_tower,
          minmay_large_rounded_square, uniq_natasha
D:3:      layout_loops_cross, mainiacjoe_overflow_paths,
          mainiacjoe_overflow_boulevard, overflow_temple_1_default,
          serial_shops, shop, ebering_ghost_inner_flame,
          kennysheep_generic_room_15
D:4:      layout_basic, hangedman_decor_lopped, kennysheep_generic_room_6
D:5:      layout_basic, portal_sewer_entry_a, uniq_ijyb
D:6:      layout_gridville, temple_statues, uniq_crazy_yiuf_cottage
D:7:      layout_rooms, serial_shops, shop, minmay_door_square
D:8:      layout_loops_ring, serial_shops, shop_fountains,
          nicolae_ossuary_entry_catacombs, hangedman_decor_riveting,
          uniq_joseph, uniq_maggie, uniq_amaemon
D:9:      layout_rooms, mainiacjoe_overflow_cross_hatched,
          mainiacjoe_overflow_catwalk, hellmonk_guarded_unrand_dark_maul
D:10:     layout_basic, erik_lair_orcish_takeover, nzn_ghost_randoct

Skill      XL: |  1  2  3  4  5  6  7  8  9 10 11 |
---------------+----------------------------------+-----
Short Blades   | 1 2 3 4 5 6 |  6.4
Long Blades    | 1 2 3 4 5 6 |  6.4
Maces & Flails | 1 2 3 4 5 6 |  6.4
Polearms       | 1 2 3 4 5 6 |  6.4
Staves         | 1 2 3 4 5 6 |  6.4
Ranged Weapons | 1 2 3 4 5 6 |  6.4
Throwing       | 1 2 3 4 5 6 |  6.4
Armour         | 1 2 3 4 5 6 |  6.4
Dodging        | 1 2 3 4 5 6 |  6.4
Stealth        | 1 2 3 4 5 6 |  6.4
Shields        | 1 2 3 4 5 6 |  6.4
Unarmed Combat | 1 2 3 4 5 6 |  6.4
Invocations    | 1 2 3 4 5 6 7 |  7.1
Evocations     | 1 2 3 4 5 6 |  6.4
Spellcasting   | 3 4 5 6 7 |  7.1
Conjurations   | 1 2 3 4 5 |  5.3
Hexes          | 1 2 3 4 5 |  5.3
Summonings     | 1 2 3 4 5 |  5.3
Necromancy     | 1 2 3 4 5 |  5.3
Translocations | 1 2 3 4 5 |  5.3
Transmutations | 1 2 3 4 5 |  5.3
Ice Magic      | 1 2 3 4 5 |  5.3
Air Magic      | 1 2 3 4 5 |  5.3
Earth Magic    | 1 2 3 4 5 |  5.3
Poison Magic   | 1 2 3 4 5 |  5.3
Shapeshifting  | 1 2 3 4 5 |  5.3
Fighting       | 7 8 9 |  9.3
Axes           | 7 8 9 |  9.3
Fire Magic     | 6 7 |  7.7

Action                     |  1- 3 |  4- 6 |  7- 9 | 10-12 || total
---------------------------+-------+-------+-------+-------++-------
  Melee: Hand axe          |    73 |   159 |   211 |   213 ||   656
         Bite              |     8 |    14 |    28 |    23 ||    73
         Punch             |     1 |     2 |    12 |    11 ||    26
  Throw: Boomerang         |     2 |     3 |     5 |    36 ||    46
   Cast: Scorch            |     6 |    33 |    82 |    80 ||   201
         Ensorcelled Hiber |       |       |    15 |     1 ||    16
         Tukima's Dance    |       |       |     3 |    13 ||    16
         Gell's Gravitas   |       |       |     3 |       ||     3
         Hailstorm         |       |       |       |     4 ||     4
         Mephitic Cloud    |       |       |       |     4 ||     4
 Invoke: Foxfire Swarm     |       |     1 |     1 |       ||     2
         Fiery Armour      |       |       |     2 |     1 ||     3
  Evoke: Wand              |       |       |    10 |     9 ||    19
    Use: Potion            |       |     4 |     4 |     5 ||    13
         Scroll            |       |     8 |     5 |     1 ||    14
   Stab: Sleeping          |     1 |     3 |     9 |       ||    13
         Paralysed         |       |       |       |     5 ||     5
         Confused          |       |       |       |     3 ||     3
 Armour: Robe              |    18 |    52 |    54 |    30 ||   154
         Steam dragon scal |       |       |       |    48 ||    48
         Skin              |       |       |       |    28 ||    28
  Dodge: Dodged            |    31 |    95 |   145 |   192 ||   463
  Block: Other             |       |       |    27 |    33 ||    60

Table legend: (Time is in decaauts)
 A = Elapsed time spent in this place.
 B = Non-inter-level travel time spent in this place.
 C = Inter-level travel time spent in this place.
 D = Time resting spent in this place.
 E = Time spent auto-exploring this place.
 F = Levels seen in this place.
 G = Mean time per level.
                   A        B        C        D        E       F      G
               +--------+--------+--------+--------+--------+-----+--------+
         Total |  10502 |  10125 |    377 |   1806 |   5992 |  11 |  954.7 |
       Dungeon |  10298 |   9921 |    377 |   1740 |   5922 |  10 | 1029.8 |
         Sewer |    204 |    204 |      0 |     66 |     70 |   1 |  204.0 |
               +--------+--------+--------+--------+--------+-----+--------+

Top non-repeatable levels by time:
     D:8: 1572 daAuts
     D:9: 1438 daAuts
     D:5: 1308 daAuts
     D:7: 1067 daAuts
     D:6: 1057 daAuts
     D:2: 1053 daAuts
     D:3: 934 daAuts
     D:1: 817 daAuts
     D:4: 614 daAuts
    D:10: 434 daAuts
   Sewer: 204 daAuts
